[Event "*** Titled Tuesday Blitz"]
[Site "Chess.com"]
[Date "2020.12.01"]
[Round "4"]
[White "MaxLeto"]
[Black "coco_crc"]
[Result "1-0"]
[WhiteElo "2370"]
[BlackElo "2178"]
[TimeControl "180+1"]
[EndTime "10:39:00 PST"]
[Termination "MaxLeto won by checkmate"]

1. g4 e5 2. h4 Ne7 3. g5 Ng6 4.
h5 Nf4 5. d4 d6 6. dxe5 dxe5 7.
Qxd8+ Kxd8 8. Nf3 Bd6 9. Nc3 Nc6 10. Bxf4 exf4 11. O-O-O Ke8 12. Nb5 Ke7 13. Rh4 Be6 14.
Nxd6 cxd6 15. Rxf4 a6 16. Nd4 h6 17. Nf5+ Bxf5 18. Rxf5 hxg5 19. Rxg5 Rag8 20. Bg2 Rh6 21. f4 Nd8 22. e3 Ne6 23. Rf5 b5 24. Bf3 g6 25.
hxg6 Rhxg6 26. Rfd5 Rg3 27. Rf1 Nc5 28. b3 Rg1 29. Rxg1 Rxg1+ 30. Rd1 Rg3 31. Rf1 f5 32. a3 Ke6 33. Kd2 d5 34. Kc3 Kd6 35. b4 Ne4+ 36. Bxe4 dxe4 37. Kd4 Rg2 38. Rh1 Rd2+ 39. Kc3 Re2 40.
Rh6+ Kd5 41. Rxa6 Rxe3+ 42. Kd2 Rf3 43. Rb6 Kc4 44. Rc6+ Kd4 45. Rc5 Rxf4 46. c3# 1-0

[Event "*** Titled Tuesday Blitz"]
[Site "Chess.com"]
[Date "2020.12.01"]
[Round "4"]
[White "suyu28"]
[Black "rasmussvane"]
[Result "0-1"]
[WhiteElo "2655"]
[BlackElo "2881"]
[TimeControl "180+1"]
[EndTime "10:39:01 PST"]
[Termination "rasmussvane won on time"]

1. d4 d5 2. Bf4 Nf6 3. e3 c5 4. c3 Nc6 5. Nd2 Bf5 6. Qb3 Qc8 7. Ngf3 e6 8. Be2 h6 9. h3 Be7 10. O-O O-O 11. dxc5 Bxc5 12. c4 d4 13. exd4 Nxd4 14.
Nxd4 Bxd4 15. Nf3 Bc5 16. Be3 Be4 17. Rfd1 Qc7 18. Rac1 Rfd8 19. Qc3 Rac8 20. b4 Bxe3 21. Qxe3 a6 22. a3 a5 23. c5 axb4 24. axb4 e5 25. Nd2 Bc6 26. Nc4 Rxd1+ 27. Rxd1 Nd5 28. Qb3 Nf4 29.
Bf1 Qe7 30. Nd6 Ra8 31. g3 Ne6 32. Qe3 Qf6 33. b5 Bf3 34. Re1 Nd4 35. Qc3 Bd5 36. Bg2 Qe6 37. Re3 Bxg2 38. Kxg2 Qd5+ 39. Kh2 Ra2 40. Qe1 Nf3+ 41. Rxf3 Qxf3 42. Kg1 Qd5 43. Ne4 Qd4 0-1

[Event "*** Titled Tuesday Blitz"]
[Site "Chess.com"]
[Date "2020.12.01"]
[Round "4"]
[White "Euwe1234"]
[Black "daro94"]
[Result "0-1"]
[WhiteElo "2557"]
[BlackElo "2850"]
[TimeControl "180+1"]
[EndTime "10:39:01 PST"]
[Termination "daro94 won by resignation"]

1. e4 c6 2. d4 d5 3. e5 Bf5 4.
Nf3 e6 5. Be2 Ne7 6. Be3 Nd7 7.
O-O Bg6 8. Nh4 c5 9. c3 Nc6 10.
g3 Be7 11. Nxg6 hxg6 12. a3 c4 13. Nd2 b5 14. f4 Nb6 15. Nf3 a5 16. b4 axb4 17. axb4 Kd7 18. Qc2 Kc7 19. Ng5 Rf8 20. Ra2 Rxa2 21. Qxa2 Qa8 22. Qxa8 Nxa8 23. Ra1 Nb6 24. Bd1 Kb7 25. h4 Na8 26. Kf2 Nc7 27.
h5 gxh5 28. Bxh5 f6 29. Nf3 g5 30. fxg5 fxe5 31. Kg2 exd4 32. Nxd4 Nxd4 33. cxd4 Bxb4 34. Rf1 Rxf1 35. Kxf1 Bf8 36. Bf4 b4 37. Ke2 b3 38.
Kd2 Nb5 39. Bd1 Nxd4 40. Be5 Nf5 41. g6 Bg7 42. Bxg7 Nxg7 43. Kc3 Kb6 44. g4 Kc5 45. Bf3 d4+ 46. Kb2 e5 47. Be2 Kb4 0-1

[Event "*** Titled Tuesday Blitz"]
[Site "Chess.com"]
[Date "2020.12.01"]
[Round "4"]
[White "oezs95"]
[Black "Nadtkins"]
[Result "1-0"]
[WhiteElo "2324"]
[BlackElo "2504"]
[TimeControl "180+1"]
[EndTime "10:39:01 PST"]
[Termination "oezs95 won by resignation"]

1. e4 e5 2. Nf3 Nc6 3. Bc4 Be7 4.
O-O Nf6 5. d3 h6 6. Re1 Nh7 7. c3 Ng5 8. Nbd2 d6 9. Nxg5 hxg5 10. Nf1 a6 11. d4 Bf6 12. Be3 Bd7 13. Ng3 g6 14. a4 Qe7 15. Qd3 Rh4 16. b4 Kf8 17. b5 Na5 18. Ba2 Kg7 19. Rad1 Rah8 20. Nf1 axb5 21. axb5 b6 22. Bd5 g4 23. c4 exd4 24.
Bxd4 Be5 25. Qg3 f6 26. Bxe5 dxe5 27. Qe3 Be8 28. Rc1 Bf7 29. c5 Rb8 30. Red1 Rhh8 31. cxb6 cxb6 32. Bxf7 Qxf7 33. Rd6 Nc4 34. Rxc4 Qxc4 35.
Rd7+ Kg8 36. Qd2 Rh7 37. Rd8+ Rxd8 38. Qxd8+ Kg7 39. Qxb6 Qxe4 40. Qd8 f5 41. Qe7+ Kg8 42. Qe8+ Kg7 43. b6 Kh6 44. Qf8+ Rg7 45. Qh8+ Rh7 46. Qf8+ Kh5 47. Ng3+ Kg5 48. Nxe4+ fxe4 49. g3 e3 50. Qd8+ Kf5 51. fxe3 Ke4 52. Qe8 Kf3 53. Qxg6 Rd7 54. Qf5+ Ke2 55. Qxd7 1-0

[Event "*** Titled Tuesday Blitz"]
[Site "Chess.com"]
[Date "2020.12.01"]
[Round "4"]
[White "ExtremeLearner"]
[Black "ZuchBolt"]
[Result "1-0"]
[WhiteElo "2414"]
[BlackElo "2190"]
[TimeControl "180+1"]
[EndTime "10:39:01 PST"]
[Termination "ExtremeLearner won by resignation"]

1. d4 d5 2. Nf3 Nf6 3. g3 g6 4.
Bg2 Bg7 5. O-O O-O 6. c4 c6 7. b3 dxc4 8. bxc4 c5 9. Bb2 Qb6 10. Qb3 Nc6 11. Nbd2 cxd4 12. Qxb6 axb6 13. Nxd4 Bd7 14.
e3 Ra4 15. Rfc1 Rfa8 16. a3 Ne5 17. Bxb7 R8a7 18. Bg2 Nd3 19. Rcb1 Ng4 20. Ne4 f5 21. Nc3 R4a5 22. Nd5 Ngxf2 23. Nxe7+ Kf7 24. Nec6 Bxc6 25. Nxc6 Bxb2 26. Rxb2 Rxa3 27. Rxa3 Rxa3 28. Rxf2 Nxf2 29. Kxf2 Ke6 30. Bd5+ Kd6 31. Nd4 Ra2+ 32. Kg1 Ra1+ 33. Kg2 Ra2+ 34. Kh3 Kc5 35. Ne6+ Kb4 36. Ng5 Re2 37. Nxh7 Rxe3 38. Nf8 g5 39. Ng6 Re2 40. Nf8 g4+ 41. Kh4 Rxh2+ 42. Kg5 Rf2 43. Ne6 Kc3 44. Nf4 Kd4 45. Kxf5 b5 46. cxb5 Rxf4+ 47. Kxf4 Kxd5 48. Kxg4 Kc5 49. Kf5 Kxb5 50. Ke6 1-0

[Event "*** Titled Tuesday Blitz"]
[Site "Chess.com"]
[Date "2020.12.01"]
[Round "4"]
[White "Hikaru"]
[Black "dretch"]
[Result "0-1"]
[WhiteElo "3183"]
[BlackElo "2839"]
[TimeControl "180+1"]
[EndTime "10:39:02 PST"]
[Termination "dretch won by resignation"]

1. Nf3 d5 2. e3 Nf6 3. c4 c6 4.
d4 Bf5 5. Nc3 e6 6. Nh4 Bg6 7.
Nxg6 hxg6 8. Rb1 Nbd7 9. c5 e5 10. b4 Qc7 11. g3 Be7 12. b5 O-O 13. Bg2 Rfe8 14. O-O Nf8 15. f4 exd4 16. exd4 Ne6 17.
Be3 Qa5 18. Rb3 Rad8 19. bxc6 bxc6 20. Bf2 Rb8 21. h3 Rb4 22. Rxb4 Qxb4 23. Qd3 Qa3 24.
Rb1 Bd8 25. Rb3 Qc1+ 26. Kh2 Bc7 27. Ne2 Qa1 28. Qc2 Rb8 29. Rxb8+ Bxb8 30. Bf3 Ne4 31.
Bxe4 dxe4 32. Qxe4 Qxa2 33. Kg2 Qc4 34. Kf1 Qb5 35. Be3 a5 36. Kf2 a4 37. Qc2 Bc7 38. g4 Ba5 39. f5 gxf5 40. gxf5 Nc7 41. f6 Nd5 42. fxg7 a3 43. Bc1 Qb4 44. Kf3 Qe1 45.
Ng3 Bb4 46. Qe2 a2 47. Qxa2 Qxc1 48. Qa8+ Kxg7 49. Nf5+ Kh7 50. Qxc6 Qf4+ 51. Ke2 Qxf5 52. Qd6 Nf4+ 53. Ke3 Nd5+ 54. Ke2 Qe4+ 55. Kf2 Qe3+ 56. Kf1 Qf3+ 57. Kg1 Bd2 58. Qe5 Be3+ 0-1

[Event "*** Titled Tuesday Blitz"]
[Site "Chess.com"]
[Date "2020.12.01"]
[Round "4"]
[White "tigra"]
[Black "FontVella8"]
[Result "1-0"]
[WhiteElo "2777"]
[BlackElo "2507"]
[TimeControl "180+1"]
[EndTime "10:39:02 PST"]
[Termination "tigra won on time"]

1. Nf3 d5 2. g3 c6 3. Bg2 Bf5 4. d3 h6 5. O-O Nf6 6. b3 e6 7.
Bb2 Nbd7 8. Nbd2 Be7 9. e4 dxe4 10. dxe4 Bh7 11. Qe2 O-O 12. Ne5 Qc7 13. f4 Rad8 14. a4 a6 15. a5 Nxe5 16. Bxe5 Bd6 17.
Bxf6 gxf6 18. Nc4 Bc5+ 19. Kh1 Rd4 20. c3 Rd7 21. Qg4+ Kh8 22. Qh5 Be7 23. Qxh6 Rd3 24. Rac1 Rfd8 25. b4 c5 26. f5 e5 27. Nb6 cxb4 28. cxb4 Qd6 29. Nd5 Bf8 30. Qh5 Rd7 31.
Rc8 Rd8 32. Rxd8 Qxd8 33. Qxf7 Bg7 34. Rc1 Qf8 35. Qxf8+ Bxf8 36. Nxf6 Kg7 37. Nxh7 Kxh7 38. Rc7+ Kh6 39. h4 Bxb4 40. g4 Be1 41. g5+ Kh5 42.
f6 Bg3 43. Bf1 Rf3 44. Be2 Kg4 45. Bxf3+ Kxf3 46. f7 1-0

[Event "*** Titled Tuesday Blitz"]
[Site "Chess.com"]
[Date "2020.12.01"]
[Round "4"]
[White "Mikhail_Golubev"]
[Black "tk22h"]
[Result "1-0"]
[WhiteElo "2554"]
[BlackElo "2324"]
[TimeControl "180+1"]
[EndTime "10:39:02 PST"]
[Termination "Mikhail_Golubev won by resignation"]

1. e4 e5 2. Nf3 Nc6 3. Bb5 a6 4. Ba4 Nf6 5. O-O Be7 6. d3 b5 7. Bb3 d6 8. a3 O-O 9. Nc3 Na5 10. Ba2 c5 11. Nd5 Be6 12. Nxf6+ Bxf6 13. Bxe6 fxe6 14.
c3 Nc6 15. Be3 Qe7 16. d4 exd4 17. cxd4 cxd4 18. Nxd4 Ne5 19. a4 Nc4 20. Bc1 Bxd4 21. Qxd4 e5 22. Qd5+ Qf7 23. Rd1 Qxd5 24. Rxd5 Rfc8 25.
Rd1 Rab8 26. axb5 axb5 27. b3 Nb6 28. Rxd6 Rc3 29. Be3 Nc8 30. Rd8+ Kf7 31. h3 Rb7 32.
b4 Ne7 33. Bc5 Ng6 34. Rad1 Rc4 35. R1d7+ Rxd7 36. Rxd7+ Kg8 37. f3 Rc2 38. g3 h5 39.
h4 Nh8 40. Rb7 Nf7 41. Rxb5 g5 42. Rb8+ Kh7 43. Rb7 Kg6 44. Rb6+ Kh7 45. Be7 gxh4 46. Bxh4 Rc3 47. Kg2 Rc2+ 48. Kh3 Rc3 49. Rf6 Kg7 50. Rf5 Kg6 51. b5 Rb3 52. Rf6+ Kg7 53. b6 Nd8 54. Rd6 Nf7 55. Rc6 Rxf3 56. b7 Rb3 57.
Rc7 Kg6 58. Be7 Nh6 59. Bc5 Ng4 60. Rc6+ Kg7 61. Rb6 1-0

[Event "*** Titled Tuesday Blitz"]
[Site "Chess.com"]
[Date "2020.12.01"]
[Round "4"]
[White "igorknyazev"]
[Black "mortngabriel"]
[Result "1-0"]
[WhiteElo "2084"]
[BlackElo "2272"]
[TimeControl "180+1"]
[EndTime "10:39:02 PST"]
[Termination "igorknyazev won by resignation"]

1. e4 c5 2. f4 d5 3. exd5 Qxd5 4.
Nc3 Qd8 5. Nf3 Nf6 6. Bc4 e6 7.
O-O Be7 8. d4 cxd4 9. Nb5 O-O 10. Qxd4 Nc6 11. Qxd8 Rxd8 12. h3 a6 13. Nc3 b5 14. Bb3 Bb7 15. Be3 Rac8 16. Bb6 Re8 17. Ne5 Nxe5 18. fxe5 Ne4 19. Nxe4 Bxe4 20. c3 Bc5+ 21.
Bxc5 Rxc5 22. Rf4 Rxe5 23. Re1 f5 24. h4 Rc5 25. g4 g6 26. h5 Kg7 27. gxf5 gxf5 28.
Kf2 Rg8 29. Bxe6 Rf8 30. h6+ Kf6 31. Rexe4 Re5 32. Rxe5 Kxe5 33. Rxf5+ Rxf5+ 34. Bxf5 Kxf5 35. b3 Ke4 36. Ke2 a5 37. Kd2 b4 38. c4 Kd4 39.
Ke2 Ke4 40. Kf2 Kd4 41. Kf3 a4 42. Kf4 a3 43. Kg5 Kc3 44. c5 Kb2 45. c6 Kxa2 46.
c7 Kb1 47. c8=Q a2 48. Qf5+ Kb2 49. Qxh7 a1=Q 50. Qg7+ Kxb3 51. Qxa1 1-0

[Event "*** Titled Tuesday Blitz"]
[Site "Chess.com"]
[Date "2020.12.01"]
[Round "4"]
[White "snowlord"]
[Black "Bigfish1995"]
[Result "0-1"]
[WhiteElo "2808"]
[BlackElo "3064"]
[TimeControl "180+1"]
[EndTime "10:39:04 PST"]
[Termination "Bigfish1995 won by resignation"]

1. d4 d5 2. c4 c6 3. Nf3 Nf6 4. e3 e6 5. Nbd2 c5 6. cxd5 exd5 7. b3 cxd4 8. Nxd4 Bd6 9. Bb2 O-O 10. Be2 Nc6 11.
O-O Re8 12. Rc1 Bd7 13. N2f3 a6 14. Nxc6 bxc6 15. g3 Ne4 16. Nd2 Ng5 17. Nf3 Nh3+ 18. Kg2 Qe7 19. Qd4 f6 20. Qh4 Qf7 21. Bd3 h5 22.
Qd4 Be5 23. Nxe5 fxe5 24. Qc3 e4 25. Be2 Ng5 26. Bxh5 Qe7 27. h4 Nf3 28. Bxe8 Rxe8 29. Rh1 Rf8 30. Rcf1 Rf7 31. h5 c5 32. Ba3 Qg5 33.
Qxc5 Kh7 34. h6 gxh6 35. Qd6 Bg4 36. Bb2 Nd2 37. Qb8 Bf3+ 38. Kg1 Rg7 39. Bxg7 Kxg7 40. Qf4 Qxf4 41. exf4 Nxf1 42. Rh4 Nd2 43. f5 d4 44. Rf4 d3 45. f6+ Kf7 46. Rf5 Nxb3 0-1

[Event "*** Titled Tuesday Blitz"]
[Site "Chess.com"]
[Date "2020.12.01"]
[Round "4"]
[White "Leo_C"]
[Black "j2806"]
[Result "1-0"]
[WhiteElo "2375"]
[BlackElo "2067"]
[TimeControl "180+1"]
[EndTime "10:39:04 PST"]
[Termination "Leo_C won by resignation"]

1. d4 Nf6 2. c4 e6 3. Nc3 d5 4.
cxd5 exd5 5. Bg5 Be7 6. e3 c6 7.
Bd3 Nbd7 8. Nge2 Nh5 9. Bxe7 Qxe7 10. Qc2 g6 11. O-O-O Ndf6 12. h3 Ng7 13. g4 h5 14.
g5 Nd7 15. h4 Nb6 16. Ng3 Be6 17. Kb1 O-O-O 18. a4 Kb8 19. a5 Nd7 20. Qb3 Rhe8 21. Ba6 Nf8 22. Na4 Bc8 23. Bd3 Qc7 24. a6 b6 25. Rc1 Bd7 26. Ka1 Ka8 27. Rc3 Qb8 28. Rhc1 Rc8 29. e4 dxe4 30. Bxe4 Qd6 31. Qxf7 Re7 32. Qc4 Nfe6 33. d5 Nd8 34. dxc6 Nxc6 35. Qb5 Re6 36. Bg2 Ne8 37. Ne4 Qc7 38. Nec5 bxc5 39. Nxc5 Rd6 40. Qb7+ Qxb7 41. axb7+ Kb8 42. bxc8=Q+ Kxc8 43.
Nxd7 Kxd7 44. Bxc6+ Ke7 45. Bxe8 Kxe8 46. Rc6 Rd7 47. Rxg6 Rf7 48. Rc8+ Kd7 49. Rh8 Rxf2 50. Rxh5 Rf7 51. Ka2 Ke7 52. Rf6 Rxf6 53. gxf6+ Kxf6 1-0

[Event "*** Titled Tuesday Blitz"]
[Site "Chess.com"]
[Date "2020.12.01"]
[Round "4"]
[White "03revilo"]
[Black "albi1999"]
[Result "0-1"]
[WhiteElo "2330"]
[BlackElo "2583"]
[TimeControl "180+1"]
[EndTime "10:39:05 PST"]
[Termination "albi1999 won by resignation"]

1. e4 e5 2. Nf3 Nc6 3. Bc4 Bc5 4. O-O Nf6 5. d4 Bxd4 6. Nxd4 Nxd4 7. f4 d6 8. fxe5 dxe5 9. Bg5 Qe7 10. Na3 Be6 11.
c3 Bxc4 12. Bxf6 gxf6 13. Nxc4 Ne6 14. b4 Rg8 15. Kh1 Rg6 16. Ne3 Qd7 17. Qh5 O-O-O 18.
Rad1 Qe8 19. Qxh7 Rxd1 20. Rxd1 b6 21. Nd5 Nf4 22. Nxf4 exf4 23. Qh3+ Qe6 24. Qd3 Rg8 25. a4 Re8 26. Re1 Rd8 27. Qa6+ Kb8 28. h3 f3 29. Qf1 fxg2+ 30. Qxg2 Rh8 31. Kh2 Qe5+ 32. Qg3 Qe6 33.
a5 Kb7 34. a6+ Kxa6 35. Re3 Kb7 36. e5 fxe5 37. Rxe5 Qd7 38. Qf3+ Kb8 39. Re2 Qd6+ 40. Kh1 Qd1+ 41. Kh2 Qd6+ 42. Kh1 Rg8 43. Rf2 Rg7 44. Re2 Rg8 45. Rf2 Qg6 46. Rf1 f5 47. Kh2 Qd6+ 48.
Kh1 Rg3 49. Qf2 Rxh3+ 50. Kg1 Qg6+ 51. Qg2 Rg3 0-1

[Event "*** Titled Tuesday Blitz"]
[Site "Chess.com"]
[Date "2020.12.01"]
[Round "4"]
[White "Isajevsky_Anton"]
[Black "natelleka"]
[Result "1-0"]
[WhiteElo "2568"]
[BlackElo "2189"]
[TimeControl "180+1"]
[EndTime "10:39:05 PST"]
[Termination "Isajevsky_Anton won on time"]

1. c4 e5 2. g3 Nf6 3. Bg2 Nc6 4. Nc3 Be7 5. d3 O-O 6. e3 d6 7. Nge2 Re8 8. O-O Bf8 9. h3 Be6 10. Nd5 Rb8 11. b3 Qd7 12. Nxf6+ gxf6 13. Kh2 b5 14. Qd2 d5 15. cxb5 Rxb5 16. d4 Rbb8 17. Bb2 Bg7 18.
Rac1 Ne7 19. Nc3 Nf5 20. Na4 Qd6 21. Nc5 Bc8 22. dxe5 fxe5 23. Qxd5 Qxd5 24. Bxd5 Rd8 25. Rfd1 Kf8 26. Ba3 Ne7 27. Bf3 Bf5 28. g4 Bg6 29.
Ne4 Ke8 30. Rxd8+ Rxd8 31. Rxc7 Rb8 32. Rxe7+ Kd8 33. Rxa7 Rc8 34. Nc5 Bf8 35. b4 Bxc5 36.
bxc5 Rb8 37. c6 Rb1 38. c7+ Kc8 39. Bd6 Kd7 40. Ra8 1-0

[Event "*** Titled Tuesday Blitz"]
[Site "Chess.com"]
[Date "2020.12.01"]
[Round "4"]
[White "MillyNeuf"]
[Black "Natalya_Buksa"]
[Result "0-1"]
[WhiteElo "2324"]
[BlackElo "2577"]
[TimeControl "180+1"]
[EndTime "10:39:05 PST"]
[Termination "Natalya_Buksa won by resignation"]

1. e4 c5 2. Nc3 e6 3. Nge2 d5 4.
exd5 exd5 5. d4 Nc6 6. g3 Nf6 7. Bg2 Be7 8. O-O O-O 9. h3 cxd4 10.
Nxd4 Nxd4 11. Qxd4 Be6 12. Be3 Qc7 13. Qd2 Bb4 14. a3 Bxc3 15. Qxc3 Qxc3 16. bxc3 b6 17. Bd4 Ne4 18. Bxe4 dxe4 19. h4 Rac8 20. a4 Bg4 21. a5 Rfd8 22. axb6 axb6 23. Rab1 Rc6 24. Rxb6 Rxb6 25. Bxb6 Rd2 26. Bd4 Rxc2 27. Rb1 h6 28. Re1 Bf3 29. Kh2 f5 30. Ra1 g5 31. hxg5 hxg5 32.
Be3 g4 33. Bd4 Kf7 34. Ra7+ Ke6 35. Ra1 Kd5 36. Re1 Kc4 37. Kg1 Ra2 38. Rb1 Kd3 39. Kf1 Ra6 40. Be3 Rc6 41. Rb8 Ra6 42. Rb1 Ra8 43. Bg5 Rh8 44. Bh4 f4 45. Rc1 e3 46.
fxe3 fxe3 47. Re1 Ra8 48. Bg5 e2+ 49. Kf2 Rh8 50. Bh4 Rf8 51. c4 Rf5 52. Kg1 Bc6 53. c5 Bb5 54. Kg2 Kd2 55. Rxe2+ Kxe2 56. c6 Bxc6+ 57.
Kh2 Rf2+ 58. Kg1 Rf1+ 0-1

[Event "*** Titled Tuesday Blitz"]
[Site "Chess.com"]
[Date "2020.12.01"]
[Round "4"]
[White "Mikasinski"]
[Black "ZEN-22"]
[Result "1-0"]
[WhiteElo "2288"]
[BlackElo "2429"]
[TimeControl "180+1"]
[EndTime "10:39:05 PST"]
[Termination "Mikasinski won by resignation"]

1. e4 c5 2. Nf3 Nf6 3. Nc3 d5 4. exd5 Nxd5 5. d4 cxd4 6. Qxd4 Nxc3 7. bxc3 Nc6 8. Bb5 Qxd4 9. cxd4 Bd7 10. d5 Ne5 11.
Bxd7+ Nxd7 12. Be3 b6 13. c4 Rc8 14. Rc1 g6 15. Bd4 Bh6 16. Rc2 O-O 17. O-O Rfd8 18.
Re1 Kf8 19. g4 Bf4 20. Re4 Bd6 21. Rce2 h6 22. Be3 g5 23. Bd4 f6 24. Bb2 Nc5 25. Rd4 Na4 26. Ba1 Bc5 27. Rde4 Rd7 28. Kg2 Bb4 29. Nd4 Kf7 30. Nc6 Bd6 31. Bd4 Rdc7 32. Re6 Rxc6 33. dxc6 Rxc6 34. h4 Rxc4 35. R6e4 gxh4 36. Kh3 Nc3 37. Bxc3 Rxc3+ 38. R4e3 Rc1 39. Kxh4 Rh1+ 40. Rh3 Rf1 41. Rd3 Bc5 42. Kg3 e5 43. Kg2 Kg6 44. Kxf1 a5 45. Rb3 a4 46. Rh3 Bd4 47. Rh5 b5 48. a3 b4 49. axb4 Bc3 50. b5 a3 51. Ra2 Bb4 52. b6 Bd6 53. b7 e4 54. Rxa3 f5 55. Rxf5 h5 56. Ra6 1-0

[Event "*** Titled Tuesday Blitz"]
[Site "Chess.com"]
[Date "2020.12.01"]
[Round "4"]
[White "Sebastian"]
[Black "Vincent_Vega95"]
[Result "1-0"]
[WhiteElo "2950"]
[BlackElo "2761"]
[TimeControl "180+1"]
[EndTime "10:39:08 PST"]
[Termination "Sebastian won by checkmate"]

1. e4 c5 2. Nf3 Nc6 3. d4 cxd4 4. Nxd4 Nf6 5. Nc3 e5 6. Ndb5 d6 7. Bg5 a6 8. Na3 b5 9. Nd5 Be7 10. Bxf6 Bxf6 11. c3 Bg5 12. Nc2 Ne7 13. h4 Bh6 14. Ncb4 O-O 15. a4 bxa4 16. Qxa4 a5 17. Bb5 Bb7 18.
Nc6 Bxc6 19. Bxc6 Rb8 20. b4 Nxd5 21. Bxd5 axb4 22. cxb4 Qb6 23. Rh3 Qd4 24. b5 Bd2+ 25.
Ke2 Bb4 26. Rf3 g6 27. Kf1 Rxb5 28. Rd1 Qb6 29. Rb3 Rb8 30. Rdb1 Qc5 31. g3 Kg7 32.
Kg2 R5b6 33. Qd7 Rf8 34. Rf3 Kh6 35. Rxf7 Rxf7 36. Qxf7 Qc8 37. Rb3 Bc5 38. Rf3 Rb8 39. Qf6 Qd8 40. Qe6 Qe8 41. Qg4 Qd8 42. Rf7 Rb2 43.
Kh3 Rxf2 44. Rxf2 Bxf2 45. Qf3 Bc5 46. g4 Qe8 47. g5+ Kg7 48. Qf6# 1-0

[Event "*** Titled Tuesday Blitz"]
[Site "Chess.com"]
[Date "2020.12.01"]
[Round "4"]
[White "djano"]
[Black "GoltsevDmitry2000"]
[Result "0-1"]
[WhiteElo "2455"]
[BlackElo "2642"]
[TimeControl "180+1"]
[EndTime "10:39:11 PST"]
[Termination "GoltsevDmitry2000 won by resignation"]

1. e4 c5 2. Nc3 e6 3. Nf3 Nc6 4. Bb5 a6 5. Bxc6 bxc6 6. e5 f5 7. d3 Ne7 8. Bg5 h6 9. Bd2 Nd5 10. Qe2 Be7 11. h4 a5 12. Rg1 Bxh4 13. g4 f4 14. Nxh4 Qxh4 15. Ne4 O-O 16. O-O-O f3 17. Qe1 a4 18. g5 h5 19. Rh1 Qg4 20. Rh2 Nf4 21. Qh1 Ba6 22. Rg1 Ne2+ 23. Kd1 Qxg1+ 24. Qxg1 Nxg1 25. Rxh5 Rf5 26. Nd6 g6 27. Rh1 Ne2 28.
Rh6 Kg7 29. Nxf5+ exf5 30. Rh3 Rh8 31. Rxf3 Nd4 32. Re3 Rh1+ 33. Be1 Kf7 34. c3 Ne6 35. Kc2 Nxg5 36. Bd2 Ne6 37. b3 axb3+ 38. axb3 Nf4 39. c4 Ne6 40. Bc3 Rf1 41. f3 f4 42. Re2 Rxf3 43.
Rh2 Kg7 44. Rh1 g5 45. Ra1 Bb7 46. Ra7 Bc8 47. Ra8 g4 48. Rxc8 g3 0-1

[Event "*** Titled Tuesday Blitz"]
[Site "Chess.com"]
[Date "2020.12.01"]
[Round "4"]
[White "ArjunErigaisi2003"]
[Black "Faqade"]
[Result "1-0"]
[WhiteElo "2917"]
[BlackElo "2699"]
[TimeControl "180+1"]
[EndTime "10:39:12 PST"]
[Termination "ArjunErigaisi2003 won by resignation"]

1. c4 Nf6 2. Nc3 g6 3. e4 d6 4. d4 Bg7 5. Be2 O-O 6. Bg5 c6 7. Qd2 a6 8. a4 e5 9. dxe5 dxe5 10. Qxd8 Rxd8 11. a5 Be6 12. Nf3 Nbd7 13. h3 Nc5 14. b4 Nb3 15. Rd1 h6 16. Be3 Bf8 17. c5 Bg7 18. O-O Nd4 19. Nxd4 exd4 20. Bxd4 Bb3 21. Rd2 Nxe4 22. Nxe4 Bxd4 23. Nd6 Be5 24. Bf3 Rd7 25. Rd3 Bxd6 26. Rxb3 Be5 27. g3 Rd2 28.
Re1 Bf6 29. Kg2 Rad8 30. Re2 R2d3 31. Rxd3 Rxd3 32. Re8+ Kg7 33. Rb8 Rd2 34. Rxb7 Bd4 35. g4 Rxf2+ 36. Kg3 h5 37. gxh5 gxh5 38. Bxc6 Rf5 39.
h4 Be5+ 40. Kg2 Rf4 41. Bd5 Bc3 42. c6 Rg4+ 43. Kf3 Be5 44. Rxf7+ Kg6 45. c7 Rg3+ 46. Ke4 Rc3 47. Kxe5 1-0

[Event "*** Titled Tuesday Blitz"]
[Site "Chess.com"]
[Date "2020.12.01"]
[Round "4"]
[White "Sergienko_Sergey"]
[Black "DouglasTrawz"]
[Result "1-0"]
[WhiteElo "2354"]
[BlackElo "2501"]
[TimeControl "180+1"]
[EndTime "10:39:12 PST"]
[Termination "Sergienko_Sergey won by checkmate"]

1. e4 e6 2. d4 d5 3. Nc3 Bb4 4. e5 c5 5. a3 Bxc3+ 6. bxc3 Ne7 7. Nf3 b6 8. Bb5+ Bd7 9. Bd3 c4 10. Be2 Ba4 11. O-O Na6 12. Ng5 h6 13. Nh3 Qd7 14. Nf4 O-O-O 15. Nh5 Rdg8 16. Bg4 Nc7 17. Qe2 Ne8 18. Rb1 g6 19. Nf6 Nxf6 20. exf6 Nf5 21. Bf4 g5 22. Be5 Nd6 23. Rb4 Bc6 24.
a4 Kb7 25. a5 b5 26. a6+ Kb6 27. Ra1 Ne4 28. Qe1 h5 29. Bf3 g4 30. Bxe4 dxe4 31. d5 Bxd5 32. Qe3+ Kc6 33. Ra5 Rb8 34. Bxb8 Rxb8 35.
Qd4 Rb6 36. Ra1 Qd6 37. g3 e5 38. Qe3 Qxf6 39. Rab1 Qf3 40. Qg5 Qxc3 41. Qd8 Be6 42. Qe8+ Kc7 43. Rxb5 Rxb5 44. Qxb5 Kd8 45. Qc5 Qd4 46.
Rb8+ Kd7 47. Rb7+ Kd8 48. Qf8# 1-0

[Event "*** Titled Tuesday Blitz"]
[Site "Chess.com"]
[Date "2020.12.01"]
[Round "4"]
[White "Joel1285"]
[Black "kkpanu9"]
[Result "0-1"]
[WhiteElo "1826"]
[BlackElo "2113"]
[TimeControl "180+1"]
[EndTime "10:39:12 PST"]
[Termination "kkpanu9 won on time"]

1. d4 Nf6 2. c4 e6 3. Nf3 Bb4+ 4. Bd2 a5 5. a3 Bxd2+ 6. Nbxd2 d5 7. Qc2 O-O 8. e3 c6 9. Bd3 b6 10. O-O Nbd7 11.
Rac1 Ba6 12. cxd5 Bxd3 13. Qxd3 cxd5 14. Qb5 Rc8 15. Nb3 Ne4 16. Rc6 Rxc6 17. Qxc6 Nb8 18. Qb7 Nd6 19. Qa7 Re8 20. Rc1 Re7 21. Qa8 Rc7 22. Rxc7 Qxc7 23. Ne5 Qb7 24. Qxb7 Nxb7 25. Kf1 f6 26. Nd3 Nd7 27. Ke2 Kf7 28. Kd2 Ke7 29. Kc3 Kd6 30. Nd2 b5 31. b4 axb4+ 32. Nxb4 Nb6 33. Kb3 Nc4 34. Nxc4+ dxc4+ 35. Kc3 e5 36. dxe5+ Kxe5 37. a4 bxa4 38. Kxc4 Nd6+ 39. Kc3 Ne4+ 40.
Kb2 Nxf2 41. Ka3 Ng4 42. Kxa4 Nxe3 43. Nc6+ Kf5 44. Ne7+ Kg5 45. g3 Nf1 46. h4+ Kh6 47. Nf5+ Kg6 48. Ne7+ Kf7 49. Nf5 g6 50. Nd6+ Ke6 51.
Ne4 Kf5 0-1

[Event "*** Titled Tuesday Blitz"]
[Site "Chess.com"]
[Date "2020.12.01"]
[Round "4"]
[White "BogdanDeac"]
[Black "Jungle_Jaguar"]
[Result "1-0"]
[WhiteElo "2968"]
[BlackElo "2556"]
[TimeControl "180+1"]
[EndTime "10:39:14 PST"]
[Termination "BogdanDeac won by resignation"]

1. Nf3 Nf6 2. d4 g6 3. Nbd2 Bg7 4. e4 d6 5. Bb5+ c6 6. Bd3 O-O 7. O-O e5 8. dxe5 dxe5 9. Nxe5 Re8 10. Nef3 Nbd7 11.
Re1 Nc5 12. e5 Nxd3 13. cxd3 Nd5 14. d4 Bf5 15. Nc4 Nb4 16. Nd6 Nc2 17. Bg5 Qd7 18. Nxe8 Rxe8 19. h3 Qd5 20. g4 Be4 21. Rxe4 Qxe4 22.
Nd2 Qd3 23. Nf3 Qe4 24. Rc1 Nb4 25. Be3 Rd8 26. Ng5 Qd5 27. Qa4 a5 28. Qb3 Nxa2 29. Qxd5 Rxd5 30. Ra1 Nb4 31. Ne4 Nc2 32. Ra4 h6 33. Nc3 Rd8 34. Ne2 b6 35. Kg2 Bf8 36.
Kf3 Nb4 37. Ng3 Nd5 38. Ne4 Nxe3 39. fxe3 Be7 40. Rc4 Rc8 41. d5 c5 42. d6 Bd8 43.
Nc3 Kf8 44. Nd5 b5 45. Rf4 c4 46. e6 f5 47. e7+ Kg7 48. e8=Q fxg4+ 49. hxg4 1-0

[Event "*** Titled Tuesday Blitz"]
[Site "Chess.com"]
[Date "2020.12.01"]
[Round "4"]
[White "dpopadic"]
[Black "zala02"]
[Result "1-0"]
[WhiteElo "2401"]
[BlackElo "2165"]
[TimeControl "180+1"]
[EndTime "10:39:14 PST"]
[Termination "dpopadic won by resignation"]

1. e4 c5 2. Nc3 Nc6 3. f4 g6 4. Nf3 Bg7 5. Bc4 e6 6. f5 Nge7 7. fxe6 fxe6 8. d3 O-O 9. O-O d5 10. Bb3 Kh8 11. Bg5 d4 12. Ne2 Na5 13. Qd2 Nxb3 14.
axb3 a6 15. Bh6 Nc6 16. Ng3 e5 17. h3 Be6 18. Rf2 Qd7 19. Raf1 b5 20. Bxg7+ Qxg7 21. Qg5 h6 22. Qd2 Kh7 23. Nh4 c4 24. bxc4 bxc4 25.
Nf3 a5 26. Qc1 a4 27. Qa1 cxd3 28. cxd3 Nb4 29. Qa3 Rfb8 30. Nd2 Nc2 31. Qd6 Bg8 32. Nc4 Ne3 33. Nxe3 dxe3 34. Re2 Rd8 35. Qc5 Rxd3 36. Rxe3 Rd2 37. Qc3 Rad8 38. Kh2 Bb3 39. Ref3 h5 40. Nh1 h4 41. Nf2 R8d7 42. Ng4 R2d4 43. Nf6+ Kh8 44. Nxd7 Qxd7 45. Rf8+ Kg7 46. Qc5 Rxe4 47. R8f3 Re2 48. Qf8+ Kh7 49. Rf7+ Bxf7 50. Rxf7+ 1-0